 Dungeon Crawl Stone Soup version 0.24.0-28-g17ded55e90 (webtiles) character file.

Game seed: 18202178846668536486, levelgen mode: deterministic

39711 Emblim88 the Protected (level 14, -44/90 HPs)
             Began as a Tengu Berserker on Nov 13, 2019.
             Was an Elder of Trog.
             Annihilated by a titanic slime creature (83 damage)
             ... on level 13 of the Dungeon.
             The game lasted 01:22:27 (17244 turns).

Emblim88 the Protected (Tengu Berserker)           Turns: 17244, Time: 01:22:28

Health: -44/90     AC: 13    Str: 23    XL:     14   Next: 7%
Magic:  32/32      EV: 30    Int: 22    God:    Trog [****..]
Gold:   1392       SH:  0    Dex: 19    Spells: 13/13 levels left

rFire    + . .     SeeInvis .   O - +11 hand crossbow "Xuxugg" {penet, +Fly Int+7}
rCold    + . .     Gourm    .   (no shield)
rNeg     . . .     Faith    .   c - +1 ring mail of Duty {Str+7}
rPois    .         Spirit   .   y - +3 hat of Pondering {ponderous, MR+ MP+10 Int+5}
rElec    .         Reflect  .   n - scarf {rC+ rF+}
rCorr    .         Harm     .   P - +0 pair of gloves
MR       +++++                  (boots unavailable)
Stlth    +.........             S - amulet of Xom's Malicious Joy {RegenMP *Drain MR+++ Str-3 Slay+2}
HPRegen  0.25/turn              A - ring of Symmetry {EV+5 Dex+2}
MPRegen  0.48/turn              F - +5 ring of slaying

@: flying quickly and evasively
A: beak, claws 1, talons 3, clever 1, magic resistance 1, mutation resistance 1,
able to fly
a: Stop Flying, Berserk, Trog's Hand, Brothers in Arms, Renounce Religion


You were on level 13 of the Dungeon.
You worshipped Trog.
Trog was greatly pleased with you.
You were not hungry.

You visited 2 branches of the dungeon, and saw 15 of its levels.
You also visited: Trove and Bailey.

You collected 2853 gold pieces.
You spent 1461 gold pieces at shops.

Inventory:

Hand Weapons
 b - a +3 scimitar of slicing
 q - a +0 halberd of venom
 u - a +2 longbow of flaming
 O - the +11 hand crossbow "Xuxugg" (weapon) {penet, +Fly Int+7}
   (Trog gifted it to you on level 7 of the Dungeon)

   Ammo fired by it will pass through the targets it hits, potentially hitting
   all targets in its path until it reaches maximum range.
   It affects your intelligence (+7).
   It lets you fly.
Missiles
 m - 37 bolts (quivered)
 I - 3 throwing nets
Armour
 c - the +1 ring mail of Duty (worn) {Str+7}
   (You found it on level 4 of the Dungeon)

   It affects your strength (+7).
 e - the +5 leather armour of Zacus {-Tele rPois rC+}
   (You found it on level 12 of the Dungeon)

   It protects you from cold.
   It protects you from poison.
   It prevents most forms of teleportation.
 n - a scarf of resistance (worn)
 y - the +3 hat of Pondering (worn) {ponderous, MR+ MP+10 Int+5}
   (You took it off Gastronok on level 8 of the Dungeon)

   It affects your intelligence (+5).
   It affects your resistance to hostile enchantments.
   It affects your magic capacity (+10).
 P - a +0 pair of gloves (worn)
Jewellery
 v - an uncursed ring of fire
 x - the ring of Huoz {rPois rCorr}
   (You bought it in a shop on level 11 of the Dungeon)

   [ring of resist corrosion]

   It protects you from poison.
   It provides partial protection from all sources of acid and corrosion.
 A - the ring of Symmetry (left hand) {EV+5 Dex+2}
   (You bought it in a shop on level 11 of the Dungeon)

   [ring of evasion]

   It affects your evasion (+5).
   It affects your dexterity (+2).
 F - a +5 ring of slaying (right hand)
 M - an uncursed ring of see invisible
 S - the amulet of Xom's Malicious Joy (around neck) {RegenMP *Drain MR+++ Str-3 Slay+2}
   (You found it in a treasure trove)

   [amulet of magic regeneration]

   It increases your magic regeneration.
   It affects your strength (-3).
   It affects your accuracy and damage with ranged weapons and melee attacks
   (+2).
   It affects your resistance to hostile enchantments.
   It causes draining when unequipped.
Wands
 h - a wand of enslavement (9)
 J - a wand of random effects (22)
 L - a wand of polymorph (7)
Scrolls
 a - 3 scrolls of remove curse
 f - a scroll of identify
 g - 2 scrolls of magic mapping
 j - a scroll of noise
 k - 4 scrolls of fog
 s - 4 scrolls of fear
 z - 5 scrolls of teleportation
 C - 5 scrolls of enchant armour
 T - a scroll of brand weapon
Potions
 i - 3 potions of berserk rage
 l - a potion of brilliance
 o - 2 potions of might
 p - 3 potions of mutation
 t - 3 potions of magic
 w - a potion of agility
 B - 5 potions of curing
 E - a potion of haste
 K - 4 potions of heal wounds
 N - 2 potions of lignification
 R - a potion of experience
 U - a potion of ambrosia
Miscellaneous
 W - a box of beasts
Comestibles
 r - 18 rations


   Skills:
 + Level 11.2 Fighting
   Level 1.7 Short Blades
 - Level 7.6 Polearms
 - Level 10.0 Crossbows
 + Level 11.9 Armour
 + Level 11.8 Dodging
 + Level 10.4 Evocations


You had 13 spell levels left.
You didn't know any spells.
Your spell library was empty.

Dungeon Overview and Level Annotations

Branches:
Dungeon (14/15)            Temple (1/1) D:5            Lair (0/6) D:11
    Orc (0/2) D:12         Vaults (0/5) D:13         Bailey (visited)

Altars:
Ashenzari
Cheibriados
Dithmenos
Elyvilon
Fedhas
Gozag
Hepliaklqana
Kikubaaqudgha
Makhleb
Nemelex Xobeh
Okawaru
Qazlal
Ru
Sif Muna
Trog
Uskayaw
Vehumet
Wu Jian
Xom
Yredelemnul
Zin
The Shining One

Shops:
D:8 (   D:11 =


Innate Abilities, Weirdness & Mutations

You have a beak for a mouth.
You have claws for feet.
You can fly continuously.
You have sharp fingernails.
Your mind is acute. (Int +2)
You are resistant to hostile enchantments. (MR+)
You are somewhat resistant to further mutation.


Message History

The bolt pierces through the titanic slime creature!!
The titanic slime creature is almost dead.
A titanic slime creature splits.
Two slime creatures merge to form a titanic slime creature.
You see here 2 bolts.
Firing (i - inventory. (/) - cycle)
m - 39 bolts (quivered)
Press: ? - help, Shift-Dir - straight line, f/p - titanic slime creature
Aim: a titanic slime creature (almost dead)
You shoot a bolt.
The bolt pierces through the titanic slime creature!
The titanic slime creature is almost dead.
Firing (i - inventory. (/) - cycle)
m - 38 bolts (quivered)
Press: ? - help, Shift-Dir - straight line, f/p - titanic slime creature
Aim: a titanic slime creature (almost dead)
You shoot a bolt.
The bolt pierces through the titanic slime creature!!
The titanic slime creature is almost dead.
The titanic slime creature hits you!!!!
Ouch! That really hurt!
You die...

###'###
##...............#
##...##
##.########......#
##.....####..# #.....##
#.......##...# ##....#
.............# ####.#
###.....####### #....#
## # #.##### ##.##
###.#..## #. ###.#
##...#####...#...# #.
....#
#.....@J..(#####(# #.
#####
##...#####...#...#####.
..# ##.##
###(#...##....
#.####### #.##
#......((#.##.
#.[.....# #.(#
#.##.^(...#.#.
......#.# ##.#
#.##..((.###.#
........# #.#
#.####.#.(#.##
........# #.# #.#
#.#.#.## ........# #(#
#.####(#.###


You could see a titanic slime creature.

Vanquished Creatures
  Gastronok (D:8)
  Harold (D:8)
  2 hydras
  4 vault guards (D:13)
  Erica (D:8)
  A centaur warrior (D:13)
  A skeletal warrior (D:13)
  An unseen horror (D:11)
  Pikel (D:8)
  A deep elf mage (D:11)
  An orc knight (Bailey)
  6 ugly things
  3 manticores
  A cyclops (D:11)
  Maurice (D:8)
  3 gargoyles
  5 rime drakes
  2 trolls
  2 hornets
  8 slime creatures
  6 hippogriffs
  A spriggan (D:7)
  41 yaks
  A vampire (D:13)
  13 wyverns
  A wraith (D:12)
  4 basilisks
  3 hungry ghosts
  3 steam dragons
  4 vampire mosquitoes (D:13)
  Menkaure (D:7)
  An acid dragon (D:13)
  A hell hound (D:14)
  5 orc warriors
  2 slaves (D:8)
  4 sky beasts
  2 eyes of draining (D:11)
  6 phantoms
  4 black bears
  3 ice beasts
  6 ogres
  10 centaurs
  A big kobold (D:9)
  2 wyvern zombies
  9 bullfrogs
  A wyvern skeleton (D:13)
  2 scorpions
  A water moccasin skeleton (D:4)
  A troll zombie (D:12)
  19 killer bees
  10 wights
  3 howler monkeys
  7 crimson imps
  A bullfrog zombie (D:10)
  5 centaur zombies
  2 quasits
  A gnoll shaman (D:9)
  2 hounds
  2 centaur skeletons
  5 orc priests
  8 orc wizards
  5 bullfrog skeletons
  4 iguanas
  9 worker ants
  A killer bee zombie (D:6)
  5 ogre zombies (D:12)
  A worker ant zombie (D:11)
  A howler monkey zombie (D:6)
  A howler monkey skeleton (D:4)
  34 gnolls
  19 adders
  4 shadow imps
  6 oozes
  3 adder skeletons
  3 worms
  8 leopard geckos
  39 orcs
  5 giant cockroaches
  14 goblins
  18 hobgoblins
  7 jackals
  3 quokkas
  2 ball pythons
  4 bats
  2 frilled lizards
  A goblin skeleton (D:12)
  2 goblin zombies (D:12)
  2 hobgoblin skeletons (D:12)
  A hobgoblin zombie (D:12)
  33 kobolds
  A leopard gecko skeleton (D:4)
  13 orc zombies (D:12)
  A quokka skeleton (D:8)
  A quokka zombie (D:9)
  10 rats
513 creatures vanquished.

Vanquished Creatures (others)
  A centaur skeleton (D:13)
  A slave (D:8)
2 creatures vanquished.

Grand Total: 515 creatures vanquished

Notes
Turn   | Place    | Note
-------+----------+-------------------------------------------
     0 | D:1      | Emblim88 the Tengu Berserker began the quest for the Orb.
     0 | D:1      | Reached XP level 1. HP: 14/14 MP: 2/2
   155 | D:1      | Reached XP level 2. HP: 19/19 MP: 3/3
   569 | D:1      | Reached XP level 3. HP: 18/23 MP: 4/4
  1386 | D:2      | Reached XP level 4. HP: 16/28 MP: 5/5
  1682 | D:2      | Reached ** piety under Trog
  2000 | D:2      | Found a sparkling altar of Nemelex Xobeh.
  2095 | D:2      | Reached skill level 1 in Short Blades
  2095 | D:2      | Gained mutation: You can fly continuously. [Tengu growth]
  2095 | D:2      | Reached XP level 5. HP: 20/33 MP: 6/6
  2703 | D:2      | HP: 1/33 [poisoned by a gnoll]
  3095 | D:3      | Found a faded altar of an unknown god.
  3586 | D:3      | Reached XP level 6. HP: 38/38 MP: 7/7
  3834 | D:3      | Reached *** piety under Trog
  4289 | D:4      | Got a slimy ring mail
  4300 | D:4      | Identified the +1 ring mail of Duty {Str+7} (You found it
                  | on level 4 of the Dungeon)
  4548 | D:4      | Reached XP level 7. HP: 44/44 MP: 8/8
  4572 | D:4      | Reached skill level 5 in Polearms
  4591 | D:4      | Found an opulent altar of Gozag.
  4591 | D:4      | Found an ornate altar of the Wu Jian Council.
  4726 | D:5      | Entered Level 5 of the Dungeon
  4819 | D:5      | Found a staircase to the Ecumenical Temple.
  4876 | Temple   | Entered the Ecumenical Temple
  5163 | D:5      | Got a transparent robe
  5179 | D:5      | Reached skill level 5 in Armour
  5461 | D:5      | Reached skill level 5 in Fighting
  5461 | D:5      | Reached skill level 5 in Dodging
  5461 | D:5      | Reached XP level 8. HP: 49/49 MP: 9/9
  5462 | D:5      | Reached **** piety under Trog
  6139 | D:5      | Identified the +2 robe "Udghuy Nama" {rPois rF- MR- Int+8}
                  | (You found it on level 5 of the Dungeon)
  6442 | D:6      | Reached XP level 9. HP: 24/55 MP: 10/10
  6808 | D:6      | Reached ***** piety under Trog
  7041 | D:7      | Reached skill level 1 in Evocations
  7774 | D:7      | Received a gift from Trog
  7913 | D:7      | Got a transparent hand crossbow {god gift}
  7914 | D:7      | Identified the +11 hand crossbow "Xuxugg" {penet, +Fly
                  | Int+7} (Trog gifted it to you on level 7 of the Dungeon)
  7979 | D:7      | Noticed Menkaure
  7983 | D:7      | Killed Menkaure
  8162 | D:7      | Reached skill level 1 in Crossbows
  8550 | D:8      | Noticed Pikel
  8562 | D:8      | Noticed Erica
  8566 | D:8      | Killed Pikel
  8566 | D:8      | Reached XP level 10. HP: 26/63 MP: 12/14
  9118 | D:8      | Killed Erica
  9183 | D:8      | Noticed Maurice
  9195 | D:8      | Killed Maurice
  9434 | D:8      | Noticed Harold
  9436 | D:8      | Noticed Gastronok
  9456 | D:8      | Killed Harold
  9456 | D:8      | Reached skill level 5 in Evocations
  9494 | D:8      | Killed Gastronok
  9494 | D:8      | Reached skill level 5 in Crossbows
  9494 | D:8      | Reached XP level 11. HP: 68/68 MP: 14/16
  9972 | D:8      | Found Pivugask's Weapon Shoppe.
 10548 | D:8      | Paralysed by a hornet for 2 turns
 10858 | D:9      | Found a bloodstained altar of Trog.
 11276 | D:9      | Received a gift from Trog
 11454 | D:10     | Entered Level 10 of the Dungeon
 11567 | D:10     | Found a flagged portal.
 11574 | Bailey   | Entered a bailey
 11866 | Bailey   | Noticed an orc knight
 11937 | Bailey   | Killed an orc knight
 12195 | D:10     | Received a gift from Trog
 12511 | D:10     | Reached XP level 12. HP: 70/75 MP: 18/18
 12757 | D:10     | Gained mutation: You have sharp fingernails. [potion of
                  | mutation]
 12757 | D:10     | Gained mutation: Your mind is acute. (Int +2) [potion of
                  | mutation]
 12757 | D:10     | Gained mutation: You are frail. (-10% HP) [potion of
                  | mutation]
 12757 | D:10     | Gained mutation: Your system is resistant to poisons.
                  | (rPois) [potion of mutation]
 12759 | D:10     | Lost mutation: Your system is resistant to poisons. (rPois)
                  | [potion of mutation]
 12759 | D:10     | Lost mutation: You are frail. (-10% HP) [potion of
                  | mutation]
 12759 | D:10     | Gained mutation: You are resistant to hostile enchantments.
                  | (MR+) [potion of mutation]
 12759 | D:10     | Gained mutation: You are somewhat resistant to further
                  | mutation. [potion of mutation]
 12869 | D:11     | Found a portal to a secret trove of treasure.
 12879 | Trove    | Entered a treasure trove
 12902 | Trove    | Got a faintly glowing platinum amulet
 12916 | Trove    | Got a pitted hat
 12943 | D:11     | Identified the +2 hat of Gozag's Supremacy {Int+4} (You
                  | found it in a treasure trove)
 12956 | D:11     | Identified the amulet of Xom's Malicious Joy {RegenMP
                  | *Drain MR+++ Str-3 Slay+2} (You found it in a treasure
                  | trove)
 13012 | D:11     | Noticed a six-headed hydra
 13024 | D:11     | Killed a six-headed hydra
 13035 | D:11     | Found a staircase to the Lair.
 13278 | D:11     | Reached * piety under Trog
 13302 | D:11     | Reached skill level 10 in Armour
 13304 | D:11     | Reached skill level 10 in Dodging
 13308 | D:11     | Found Ygowext's Jewellery Shop.
 13476 | D:11     | Bought the ring of Huoz {rPois rCorr} for 468 gold pieces
 13476 | D:11     | Bought the ring of Symmetry {EV+5 Dex+2} for 993 gold
                  | pieces
 13665 | D:11     | Reached skill level 10 in Crossbows
 14254 | D:12     | Got a dazzling leather armour
 14319 | D:12     | Found a staircase to the Orcish Mines.
 14471 | D:12     | Reached XP level 13. HP: 82/82 MP: 20/20
 14976 | D:12     | Reached skill level 10 in Fighting
 15237 | D:12     | Identified the +5 leather armour of Zacus {-Tele rPois rC+}
                  | (You found it on level 12 of the Dungeon)
 15501 | D:13     | Found a gate to the Vaults.
 15501 | D:13     | Noticed a vault guard
 15501 | D:13     | Noticed a vault guard
 15501 | D:13     | Noticed a vault guard
 15501 | D:13     | Noticed a vault guard
 15631 | D:13     | Killed a vault guard
 15634 | D:13     | Killed a vault guard
 16188 | D:13     | Killed a vault guard
 16227 | D:13     | Killed a vault guard
 16685 | D:14     | Reached skill level 10 in Evocations
 17006 | D:14     | Reached XP level 14. HP: 83/90 MP: 22/22
 17244 | D:13     | Annihilated by a titanic slime creature

Levels and vault maps discovered:
D:1:      dpeg_arrival_ternary, layout_basic
D:2:      layout_basic, nemelex_altar_shiori, st_stairs_12
D:3:      layout_basic, chequers_ecumenical_altar_simple, nrook_campfire
D:4:      layout_loops_ring, gammafunk_temple_overflow_pools,
          nicolae_underground_beach
D:5:      corexii_shantytown, layout_gridville, minmay_temple_entry_waves,
          nicolae_ossuary_entry_plus, first_ration
D:6:      layout_loops_ring
D:7:      layout_basic, the_bakery, uniq_menkaure
D:8:      layout_layer_cave, serial_shops, kennysheep_mini_moat, uniq_gastronok,
          uniq_harold, uniq_maurice, uniq_erica, uniq_pikel
D:9:      layout_long_grid, trog_ov_bears_minmay, minmay_misc_feat_encased
D:10:     layout_irregular_city, enter_bailey_2
D:11:     layout_loops_ring, lair_entry_dummy, nicolae_trove_entry_crossroad,
          serial_shops, nicolae_shop_statue_plus
D:12:     layout_basic, zombieorc1_lemuel, portal_ice_cave_rime
D:13:     layout_loops_corners, lightli_vaults_fourway_checkpoint
D:14:     layout_roguey [special_room_mythical_zoo], serial_curves,
          eino_curves_04, eino_curves_03, eino_curves_01, eino_curves_01
Temple:   eino_narrow_crystal_temple

Skill      XL: |  1  2  3  4  5  6  7  8  9 10 11 12 13 |
---------------+----------------------------------------+-----
Armour         | 3 4 5 6 7 8 9 10 11 | 11.9
Dodging        | 3 4 5 6 7 8 9 10 11 | 11.8
Polearms       | 4 5 6 7 |  7.6
Short Blades   | 1 |  1.7
Fighting       | 4 5 6 7 8 9 11 | 11.2
Evocations     | 4 6 7 8 10 | 10.4
Crossbows      | 2 5 8 10 | 10.0

Action                   |  1- 3 |  4- 6 |  7- 9 | 10-12 | 13-15 || total
-------------------------+-------+-------+-------+-------+-------++-------
Melee: Spear             |    62 |    14 |       |       |       ||    76
       Kick              |    14 |    38 |    86 |    10 |       ||   148
       Peck              |     9 |    18 |    52 |     7 |       ||    86
       Dagger            |       |    33 |       |     2 |       ||    35
       Halberd           |       |   106 |   304 |    17 |       ||   427
       Scimitar          |       |       |       |     1 |       ||     1
       Hand crossbow     |       |       |       |     1 |       ||     1
 Fire: Hunting sling     |       |    17 |       |       |       ||    17
       Arbalest          |       |       |     2 |       |       ||     2
       Hand crossbow     |       |       |    13 |   396 |   286 ||   695
Throw: Dart              |       |       |     2 |       |       ||     2
Invok: Berserk           |     2 |     1 |     5 |     2 |       ||    10
 Abil: Fly               |       |     1 |       |       |       ||     1
Evoke: Wand              |       |       |       |     4 |     4 ||     8
  Use: Potion            |       |     3 |     3 |     7 |       ||    13
       Scroll            |       |       |    11 |     4 |     5 ||    20
 Stab: Sleeping          |     2 |       |       |       |       ||     2
  Eat: Ration            |     1 |     2 |     2 |     2 |     2 ||     9
       Chunk             |       |     3 |    12 |    13 |     2 ||    30
Armor: Animal skin       |     6 |       |       |       |       ||     6
       Scale mail        |     2 |    34 |       |       |       ||    36
       Ring mail         |       |       |    38 |    34 |    13 ||    85
       Robe              |       |       |     1 |       |       ||     1
       Leather armour    |       |       |       |       |     3 ||     3
Dodge: Dodged            |    40 |    81 |   172 |   144 |   125 ||   562
       Rpst.: Scimitar   |       |       |       |     1 |       ||     1
